 Dungeon Crawl Stone Soup version 0.23.2-1-ga50397a6bc (webtiles) character file.

Game seed: 8213565332268410865

7 MisterOstroum the Ducker (level 1, 9/10 HPs)
             Began as a Felid Berserker on May 18, 2019.
             Was a Follower of Trog.
             Quit the game on level 1 of the Dungeon.
             The game lasted 00:00:44 (226 turns).

MisterOstroum the Ducker (Felid Berserker)           Turns: 226, Time: 00:00:45

Health: 9/10       AC:  1    Str: 13    XL:     1   Next: 91%
Magic:  2/2        EV: 19    Int:  8    God:    Trog [*.....]
Gold:   0          SH:  0    Dex: 15    Spells: 0/0 levels left
                                        Lives:  0   Deaths: 0

rFire    . . .     SeeInvis +     - Unarmed
rCold    . . .     Gourm    .   (shield unavailable)
rNeg     . . .     Faith    .   (armour unavailable)
rPois    .         Spirit   .   (helmet unavailable)
rElec    .         Reflect  .   (cloak unavailable)
rCorr    .         Harm     .   (gloves unavailable)
MR       .....                  (boots unavailable)
Stlth    ++........             (no amulet)
HPRegen  0.03/turn              (no ring)
MPRegen  0.08/turn              (no ring)

@: quick
A: very small, no armour, no weapons or thrown items, stealth, claws 1, fangs 3,
see invisible, carnivore, speed 1, shaggy fur 1, slow metabolism 1, sharp paws
a: Berserk, Renounce Religion


You were on level 1 of the Dungeon.
You worshipped Trog.
Trog was aware of your devotion.
You were full.

You visited 1 branch of the dungeon, and saw 1 of its levels.

Inventory:

Comestibles
 e - a ration


   Skills:
 + Level 3.2 Fighting
 - Level 4.0 Dodging
 + Level 3.2 Unarmed Combat


You couldn't memorise any spells.
You didn't know any spells.
Your spell library was empty.

Dungeon Overview and Level Annotations

Branches:
Dungeon (1/15)

Altars:


Innate Abilities, Weirdness & Mutations

You cannot wear armour.
You are incapable of wielding weapons or throwing items.
Your paws allow you to move quietly. (Stealth)
You have sharp claws.
You have razor-sharp teeth.
You have supernaturally acute eyesight. (SInv)
You are carnivorous and can eat meat at any time.
You cover ground quickly.
You are covered in fur. (AC +1)
You have a slow metabolism.
Your sharp claws are effective at attacking unaware monsters.


Message History

e - a ration Welcome, MisterOstroum the Felid Berserker.
The bosom of this dungeon contains the fabled artefact, the Orb of Zot.
Trog says: Kill them all!
Press ? for a list of commands and other information.
Found a pink potion.
Found a staircase leading out of the dungeon.
A kobold comes into view. It is wielding a +0 short sword.
A kobold is nearby!
Found a spear. 2 hobgoblins come into view.
The kobold shouts!
The hobgoblin shouts!
You hear a shout!
A goblin comes into view. It is wielding a +0 dagger.
A red film seems to cover your vision as you go berserk!
You feel yourself moving faster!
You feel mighty!
You feel a lot more hungry.
The goblin shouts!
A bat comes into view.
The kobold closely misses you.
The bat moves out of view.
You closely miss the kobold. You closely miss the kobold.
The hobgoblin shouts!
The kobold barely misses you.
You closely miss the goblin.
You scratch the goblin but do no damage.
Your bite misses the goblin. The kobold closely misses you.
You claw the goblin!
You kill the goblin!
Trog accepts your kill.
The kobold hits you with a +0 short sword.
The hobgoblin completely misses you.
You claw the hobgoblin!
You kill the hobgoblin!
Trog accepts your kill.
A goblin comes into view.
The kobold closely misses you.
You barely miss the hobgoblin. You claw the hobgoblin.
You kill the hobgoblin!
Trog accepts your kill.
You claw the kobold!
You kill the kobold!
Trog accepts your kill.
You see here a +0 club.
You feel a strong urge to attack something.
You are no longer berserk.
You are exhausted.
You feel yourself slow down.
A giant cockroach comes into view.
The goblin hits you.
You are too injured to fight recklessly!
You are too injured to fight recklessly!
You are too injured to fight recklessly!
You are too injured to fight recklessly!
You are too injured to fight recklessly!
You are too injured to fight recklessly!
You are too injured to fight recklessly!
You are too injured to fight recklessly!
You are too injured to fight recklessly!
You are too injured to fight recklessly!
You are too injured to fight recklessly!
You are too injured to fight recklessly!
You are too injured to fight recklessly!
You scratch the goblin.
You kill the goblin!
Trog accepts your kill.
Found 4 gold pieces.
You see here a goblin corpse.
You barely miss the giant cockroach. The giant cockroach barely misses you.
The giant cockroach bites you.
* * * LOW HITPOINT WARNING * * *
You scratch the giant cockroach.
The giant cockroach is almost dead.
The giant cockroach misses you.
You barely miss the giant cockroach. You claw the giant cockroach.
You kill the giant cockroach!
Trog accepts your kill.
You butcher the goblin corpse.
a - 2 chunks of flesh You see here a goblin skeleton.
You see here a giant cockroach corpse.
You butcher the giant cockroach corpse.
a - 3 chunks of flesh (gained 1) Eating one of 3 chunks of flesh.
You eat one of the 3 chunks of flesh.
This raw flesh tastes great.
Eating one of 2 chunks of flesh.
You eat one of the 2 chunks of flesh.
This raw flesh tastes great.
Eating a chunk of flesh.
You eat the chunk of flesh.
This raw flesh tastes great.
You feel yourself speed up.
You recover from your berserk rage.
A bat comes into view.
A bat is nearby!
No target in view!
No target in view!
No target in view!
No target in view!
Are you sure you want to abandon this character and quit the game? (Confirm with "yes".)

..... ..... #.#.# ##
# ..... .. .. #
#.#.##.##. .
#..#.#........#
#..#.#.##.#...#
#..#..........#
..######.....#@....#.
..........#..##)#$##
#.........))..## b.
#..........)##.# .
#...........#....
#.....♣............
#....8.............
#..........###.#.#.
#..........# .# #


There were no monsters in sight!

Vanquished Creatures
  A giant cockroach (D:1)
  2 goblins (D:1)
  2 hobgoblins (D:1)
  A kobold (D:1)
6 creatures vanquished.

Notes
Turn   | Place    | Note
-------+----------+-------------------------------------------
     0 | D:1      | MisterOstroum the Felid Berserker began the quest for the
                  | Orb.
     0 | D:1      | Reached XP level 1. HP: 10/10 MP: 2/2
   226 | D:1      | Quit the game

Action                   || total
-------------------------++-------
Melee: Unarmed           ||    12
       Punch             ||     2
Invok: Berserk           ||     1
  Eat: Chunk             ||     3
Dodge: Dodged            ||     7
